 Dungeon Crawl Stone Soup version 0.17.0-56-gd8de76c (webtiles) character file.

633 sugabear the Ducker (level 7, 0/43 HPs)
             Began as a Gargoyle Gladiator on Dec 5, 2015.
             Slain by Menkaure (14 damage)
             ... on level 4 of the Dungeon.
             The game lasted 00:07:45 (5111 turns).

sugabear the Ducker (Gargoyle Gladiator)            Turns: 5111, Time: 00:07:45

Health: 0/43       AC:  9    Str: 19    XL:     7   Next: 49%
Magic:  7/7        EV: 13    Int:  9    God:
Gold:   139        SH:  0    Dex: 11    Spells: 0 memorised, 6 levels left

rFire  . . .     SeeInvis .     a - +0 flail
rCold  . . .     Clarity  .     b - +0 leather armour
rNeg   + . .     SustAt   .     (no shield)
rPois  ∞         Gourm    .     c - +0 helmet
rElec  +         Spirit   .     (no cloak)
rCorr  .         Warding  .     (no gloves)
rMut   .         Stasis   .     (no boots)
MR     .....                    (no amulet)
Stlth  +.........               (no ring)
                                (no ring)

@: flying, not resistant to hostile enchantments, very unstealthy
A: negative energy resistance 1, electricity resistance, unbreathing,
petrification resistance, rot immunity, AC +4
a: no special abilities


You were on level 4 of the Dungeon.
You were not hungry.

You visited 2 branches of the dungeon, and saw 6 of its levels.
You also visited: Sewer.

You collected 139 gold pieces.

Inventory:

Hand Weapons
 a - a +0 flail (weapon)
Missiles
 d - 3 throwing nets (quivered)
Armour
 b - a +0 leather armour (worn)
 c - a +0 helmet (worn)
Jewellery
 m - an uncursed ring of ice {unknown}
 q - an uncursed amulet of faith {unknown}
 r - a cursed ring of teleportation {unknown}
Scrolls
 g - a scroll of enchant armour {unknown}
 h - 2 scrolls of remove curse {unknown}
 i - a scroll of enchant weapon {unknown}
 k - a scroll of fog {unknown}
 l - 4 scrolls of teleportation {unknown}
 n - 2 scrolls of blinking {unknown}
 s - a scroll of noise {unknown}
 t - 6 scrolls of identify {unknown}
 y - a scroll of magic mapping {unknown}
 B - 2 scrolls of immolation {unknown}
 D - a scroll of fear {unknown}
Potions
 o - a potion of ambrosia
 p - a potion of flight
 u - a potion of heal wounds {unknown}
 v - a potion of mutation {unknown}
 x - 2 potions of poison {unknown}
 A - 2 potions of haste {unknown}
Comestibles
 e - 3 bread rations
 f - 3 chunks of flesh
 j - 2 meat rations


   Skills:
 + Level 4.0 Fighting
 + Level 4.7 Maces & Flails
 + Level 1.7 Throwing
 + Level 3.2 Armour
 + Level 4.9 Dodging
 + Level 0.2 Stealth


You had 6 spell levels left.
You didn't know any spells.

Dungeon Overview and Level Annotations

Branches:
Dungeon (5/15)             Temple (1/1) D:4

Altars:
Cheibriados
Elyvilon
Fedhas
Gozag
Makhleb
Nemelex Xobeh
Okawaru
Qazlal
Ru
Sif Muna
Trog
Vehumet
Xom
Yredelemnul
Zin
The Shining One

Annotations:
D:4 Menkaure


Innate Abilities, Weirdness & Mutations

You are resistant to torment.
Your stone body is resilient (AC +4).
You are immune to poison.
You resist negative energy.
You are resistant to electric shocks.
You can survive without breathing.
You are immune to petrification.
You are immune to rotting.


Message History

Your body is wracked with pain!
The orc convulses!
You hit Menkaure.
Menkaure is heavily damaged.
The giant newt bites you but does no damage.
The orc barely misses you.
Menkaure calls on the powers of darkness!
Your body is wracked with pain!
The orc convulses!
The giant newt barely misses you.
You hit Menkaure.
Menkaure is severely damaged.
The orc barely misses you. Menkaure hits you. The orc closely misses you.
The giant newt bites you but does no damage.
The orc closely misses you. x2
An orc priest comes into view. It is wielding a hand axe.
Unknown command.
The orc priest shouts!
You hit Menkaure.
Menkaure is severely damaged.
Menkaure hits you!
You die...

####################
#..................#
#.............oM.>.#
#.............@l...#
#....##...##..oo..##
#(...##...##......#
#.)..##...#.......#
#####'###...#.......#
#######
..#.....#...#.........
#......
..'.....#...#........o
#......
..#.....#...##......##.
#...... ..#######...#
#......


You could see Menkaure, an orc priest, 3 orcs and a giant newt.

Vanquished Creatures
  The ghost of sugabear the Cudgeler, an amateur GrGl (D:4)
  An ogre (D:4)
  A big kobold (Sewer)
  A scorpion (D:4)
  A centaur zombie (D:3)
  2 hounds (D:4)
  A worker ant (D:4)
  5 adders
  2 river rats (Sewer)
  2 worms
  2 adder skeletons (D:4)
  2 giant geckos
  7 bats
  9 hobgoblins
  5 jackals
  11 kobolds
  A quokka (D:2)
  3 ball pythons
  4 giant cockroaches
  7 giant newts
  10 goblins
  A jackal skeleton (D:4)
  7 rats
86 creatures vanquished.

Notes
Turn   | Place    | Note
--------------------------------------------------------------
     0 | D:1      | sugabear the Gargoyle Gladiator began the quest for the Orb.
     0 | D:1      | Reached XP level 1. HP: 12/12 MP: 1/1
    74 | D:1      | Reached XP level 2. HP: 15/18 MP: 2/2
   815 | D:2      | Reached XP level 3. HP: 17/22 MP: 3/3
  1027 | D:3      | Reached skill level 4 in Maces & Flails
  1027 | D:3      | Reached XP level 4. HP: 18/27 MP: 4/4
  1103 | D:3      | Found a glowing drain.
  1138 | Sewer    | Entered a sewer
  1155 | Sewer    | Reached skill level 1 in Armour
  1295 | Sewer    | Noticed a big kobold
  1375 | Sewer    | Killed a big kobold
  1375 | Sewer    | Reached XP level 5. HP: 13/32 MP: 5/5
  1643 | Sewer    | Found a white marble altar of Elyvilon.
  1937 | D:2      | Found a bloodstained altar of Trog.
  1937 | D:2      | Found a snail-covered altar of Cheibriados.
  2602 | D:3      | Reached XP level 6. HP: 33/37 MP: 6/6
  3014 | D:4      | Found an opulent altar of Gozag.
  3100 | D:4      | Found a sacrificial altar of Ru.
  3212 | D:4      | Noticed sugabear's ghost (amateur GrGl)
  4249 | D:4      | Killed sugabear's ghost
  4249 | D:4      | Reached XP level 7. HP: 8/42 MP: 7/7
  4527 | D:5      | Entered Level 5 of the Dungeon
  4679 | D:4      | Found a staircase to the Ecumenical Temple.
  4694 | Temple   | Entered the Ecumenical Temple
  4932 | D:4      | Noticed an ogre
  4937 | D:4      | Killed an ogre
  5091 | D:5      | Noticed Menkaure
  5111 | D:4      | Slain by Menkaure

Action                   |  1- 3 |  4- 6 |  7- 9 || total
-------------------------+-------+-------+-------++-------
Melee: Flail             |    87 |   217 |    41 ||   345
  Use: Potion            |       |     8 |     2 ||    10
  Eat: Chunk             |       |     8 |       ||     8
       Pizza             |       |     1 |       ||     1
       Beef jerky        |       |     1 |       ||     1
       Meat ration       |       |       |     1 ||     1
